 Dungeon Crawl Stone Soup version 0.28.0 (webtiles) character file.

Game seed: 16992636812512000180

24 danielguo94 the Covered (level 3, 0/23 HPs)
             Began as a Gargoyle Fighter on Feb 7, 2022.
             Slain by Sigmund (7 damage)
             ... on level 2 of the Dungeon.
             The game lasted 00:00:44 (760 turns).

danielguo94 the Covered (Gargoyle Fighter)           Turns: 760, Time: 00:00:45

Health: 0/23       AC: 10    Str: 21    XL:     3   Next: 2%
Magic:  3/3        EV:  9    Int:  8    God:
Gold:   76         SH:  4    Dex:  9    Spells: 2/2 levels left

rFire   . . .      SeeInvis .   a - +0 flail
rCold   . . .      Faith    .   c - +0 buckler
rNeg    + . .      Spirit   .   b - +0 scale mail
rPois   ∞          Reflect  .   (no helmet)
rElec   +          Harm     .   (no cloak)
rCorr   .          Rampage  .   (no gloves)
Will    .....                   (no boots)
Stlth   ..........              (no amulet)
HPRegen 0.07/turn               (no ring)
MPRegen 0.08/turn               (no ring)

@: mighty
A: sickness immunity, AC +3, negative energy resistance 1, electricity
resistance, torment resistance 1, petrification resistance
a: no special abilities


You were on level 2 of the Dungeon.
You visited 1 branch of the dungeon, and saw 2 of its levels.

You collected 76 gold pieces.

Inventory:

Hand Weapons
 a - a +0 flail (weapon)
Armour
 b - a +0 scale mail (worn)
 c - a +0 buckler (worn)
Scrolls
 e - 2 scrolls of magic mapping {unknown}


   Skills:
 + Level 3.5 Fighting
 * Level 2.4 Maces & Flails
 + Level 3.6 Armour
 + Level 0.1 Dodging
 + Level 3.6 Shields


You had 2 spell levels left.
You didn't know any spells.
Your spell library contained the following spells:

 Spells                   Type           Power      Damage    Failure   Level
 Apportation              Tloc           0%         N/A       83%         1
 Slow                     Hex            0%         N/A       83%         1
 Corpse Rot               Necr/Air       0%         N/A       93%         2
 Poisonous Vapours        Pois/Air       0%         N/A       93%         2
 Alistair's Intoxication  Tmut/Pois      0%         N/A       100%        5


Dungeon Overview and Level Annotations

Branches:
Dungeon (2/15)

Altars:

Annotations:
D:2 Sigmund


Innate Abilities, Weirdness & Mutations

You are immune to sickness and miasma.
Your stone body is resilient. (AC +3)
You are immune to poison.
You resist negative energy. (rN+)
You are resistant to electric shocks. (rElec)
You are resistant to unholy torment.
You are immune to petrification.


Message History

You closely miss the hobgoblin. The hobgoblin barely misses you.
You hit the hobgoblin.
The hobgoblin is severely wounded.
The hobgoblin hits you.
You closely miss the hobgoblin.
The hobgoblin is severely wounded.
The hobgoblin closely misses you.
You barely miss the hobgoblin.
The hobgoblin is severely wounded.
The hobgoblin hits you but does no damage. x2
You hit the hobgoblin.
You kill the hobgoblin!
You have reached level 3!
Your experience leads to an increase in your attributes!
Increase (S)trength, (I)ntelligence, or (D)exterity?
You feel stronger. x2
You now have 76 gold pieces (gained 7).
Found a long sword.
Sigmund the Dreaded comes into view.
He is wielding a +0 scythe.
Sigmund shouts!
Sigmund is nearby!
Sigmund is nearby!
Sorry, you're not good enough to have a special ability.
Unknown command.
Unknown command.
Sigmund gestures wildly while chanting.
Sigmund flickers and vanishes!
Deactivating autopickup; reactivate with Ctrl-A.
You feel very mighty all of a sudden.
You hear some strange, mumbled words.
A magic dart appears from out of thin air!
The magic dart hits you.
You barely miss something. Something hits you but does no damage.
You thump something! Something hits you.
You hit something. Something hits you but does no damage.
You closely miss something. Something hits you.
You sock something! You barely miss something. Something hits you.
You miss something. Something hits you!
You die...

#.# #.# #.# #.# #.#
##'## ####.# ##...##
#....# ##.....##
#.##.## ##.......##
#.#...####.......>.#
####....(...+......<..+
#......@.####.........#
#......{## ##.......##
#...)...# ##.....##
#.......# ##...##
#.......# ##+##
......... ........#
.###.#..#


There were no monsters in sight!

Vanquished Creatures
  A dart slug (D:1)
  3 ball pythons (D:1)
  3 goblins (D:1)
  4 hobgoblins
  4 kobolds (D:1)
  A bat (D:1)
  3 frilled lizards (D:1)
  2 rats (D:1)
21 creatures vanquished.

Notes
Turn   | Place    | Note
-------+----------+-------------------------------------------
     0 | D:1      | danielguo94 the Gargoyle Fighter began the quest for the
                  | Orb.
     0 | D:1      | Reached XP level 1. HP: 14/14 MP: 1/1
   104 | D:1      | Reached XP level 2. HP: 17/19 MP: 2/2
   171 | D:1      | Found a faded altar of an unknown god.
   178 | D:1      | Got Plato's Volume of Execration
   736 | D:2      | Reached XP level 3. HP: 21/23 MP: 3/3
   749 | D:2      | Noticed Sigmund
   760 | D:2      | Slain by Sigmund

Illustrated notes

Levels and vault maps discovered:
D:1:      scummos_arrival_hexagon, layout_basic,
          shapermc_ecumenical_altar_rom_forum
D:2:      layout_loops_corners, uniq_sigmund

Action                   || total
-------------------------++-------
Melee: Flail             ||    79
  Use: Potion            ||     1
Armor: Scale mail        ||    61
Dodge: Dodged            ||    36
Block: Buckler           ||    19
